TOP OF THE 1ST |
Pulaski Yankees batting - Pitching for Seattle (APP) Mariners : RHP Luis Castro
|
Pitching: RHP Luis Castro
|
|
Batting: LHB Joel Vera
|
0-0: Ball 1-0: Ball 2-0: Ball 3-0: Base on Balls
|
Batting: LHB Dan Morris
|
0-0: Called Strike Joel Vera steals 2nd base 0-1: SINGLE (Groundball, 4D, EV 102.5 MPH) Joel Vera to third Runner from 3rd tries for Home, SAFE, throw by CF to home Dan Morris to second
|
Batting: SHB Blake Abbott
|
0-0: Ground out U3 (Groundball, 3, EV 97.5 MPH) Dan Morris to third
|
Batting: RHB Mike Gifford
|
0-0: Called Strike 0-1: Foul Ball, location: 2F 0-2: Strikes out swinging
|
Batting: RHB Bobby Melillo
|
0-0: Ball 1-0: Fly out, F8 (Flyball, 8RM, EV 96.9 MPH)
|
Top of the 1st over - 1 run, 1 hit, 0 errors, 1 left on base; Pulaski 1 - Seattle (APP) 0 |
BOTTOM OF THE 1ST |
Seattle (APP) Mariners batting - Pitching for Pulaski Yankees : RHP Chris McCoy
|
Pitching: RHP Chris McCoy
|
|
Batting: SHB Tony Morales
|
0-0: Ball 1-0: Called Strike 1-1: Ball 2-1: DOUBLE (Flyball, 8RXD, EV 96.3 MPH)
|
Batting: RHB Mike Conaway
|
0-0: Ball 1-0: SINGLE (Groundball, 5D, EV 102.5 MPH) Tony Morales to third Runner from 3rd tries for Home, throw by LF and OUT! 7-2
|
Batting: LHB Omar Colunga
|
0-0: DOUBLE (Line Drive, 7LM, EV 104.4 MPH) Mike Conaway to third
|
Batting: RHB Tomokazu Sugimoto
|
0-0: Ball 1-0: Foul Ball, location: 2F 1-1: Ball 2-1: Called Strike 2-2: Strikes out looking
|
Batting: RHB Ivan Davila
|
0-0: Called Strike 0-1: Swinging Strike 0-2: Ball 1-2: Ball 2-2: Strikes out looking
|
Bottom of the 1st over - 0 runs, 3 hits, 0 errors, 2 left on base; Pulaski 1 - Seattle (APP) 0 |
TOP OF THE 2ND |
Pulaski Yankees batting - Pitching for Seattle (APP) Mariners : RHP Luis Castro
|
Batting: RHB Colby Macon
|
0-0: Called Strike 0-1: Swinging Strike 0-2: Strikes out swinging, 2-3 out at first.
|
Batting: RHB Johannes Gutermuth
|
0-0: Ball 1-0: Ground out 3-1 (Groundball, 34, EV 85.0 MPH)
|
Batting: SHB Joe Fure
|
0-0: Ball 1-0: Foul Ball, location: 2F 1-1: Swinging Strike 1-2: Ball 2-2: Strikes out swinging
|
Top of the 2nd over - 0 runs, 0 hits, 0 errors, 0 left on base; Pulaski 1 - Seattle (APP) 0 |
BOTTOM OF THE 2ND |
Seattle (APP) Mariners batting - Pitching for Pulaski Yankees : RHP Chris McCoy
|
Batting: RHB Chris Van Niel
|
0-0: Called Strike 0-1: Foul Ball, location: 2F 0-2: SINGLE (Groundball, 34D, EV 104.4 MPH)
|
Batting: RHB Victor Rosas
|
0-0: Called Strike 0-1: Ball 1-1: Called Strike 1-2: SINGLE (Groundball, 6D, EV 108.1 MPH) Chris Van Niel to second
|
Batting: RHB John Vasquez
|
0-0: Ball 1-0: Ball 2-0: Ball 3-0: Called Strike 3-1: SINGLE (Flyball, 6MD, EV 90.6 MPH) Chris Van Niel to third Victor Rosas to second
|
Batting: RHB Houston Brock
|
0-0: Foul Ball, location: 2F 0-1: Ball 1-1: Ball 2-1: Ball 3-1: Foul Ball, location: 2F 3-2: Fielders Choice at 2nd, 4-6 (Groundball, 4, EV 84.4 MPH) Chris Van Niel scores Victor Rosas to third
|
Batting: SHB Tony Morales
|
0-0: Ball 1-0: Foul Ball, location: 2F 1-1: Ball 2-1: Ball Houston Brock steals 2nd base 3-1: Swinging Strike 3-2: Foul Ball, location: 2F 3-2: Foul Ball, location: 2F 3-2: SINGLE (Flyball, 5D, EV 91.9 MPH) Victor Rosas scores Houston Brock to third
|
Batting: RHB Mike Conaway
|
0-0: Ball 1-0: Ball 2-0: Called Strike 2-1: Swinging Strike 2-2: Strikes out looking
|
Batting: LHB Omar Colunga
|
0-0: Ball 1-0: Ball 2-0: Foul Ball, location: 2F 2-1: Ground out 4-3 (Groundball, 4, EV 100.6 MPH)
|
Bottom of the 2nd over - 2 runs, 4 hits, 0 errors, 2 left on base; Pulaski 1 - Seattle (APP) 2 |
TOP OF THE 3RD |
Pulaski Yankees batting - Pitching for Seattle (APP) Mariners : RHP Luis Castro
|
Batting: RHB Roberto Tena
|
0-0: Foul Ball, location: 2F 0-1: Fly out, F8 (Flyball, 8RS, EV 91.3 MPH)
|
Batting: LHB Joel Vera
|
0-0: Called Strike 0-1: Ball 1-1: Ball 2-1: Ball 3-1: Base on Balls
|
Batting: LHB Dan Morris
|
0-0: Swinging Strike 0-1: Called Strike Joel Vera steals 2nd base (no throw) 0-2: Ball 1-2: Hit by Pitch
|
Batting: SHB Blake Abbott
|
0-0: Called Strike 0-1: Ball 1-1: Called Strike Joel Vera steals 3rd base 1-2: Strikes out looking
|
Batting: RHB Mike Gifford
|
0-0: Ball 1-0: Foul Ball, location: 2F 1-1: Ball 2-1: Fly out, F6 (Popup, 4MD, EV 55.0 MPH)
|
Top of the 3rd over - 0 runs, 0 hits, 0 errors, 2 left on base; Pulaski 1 - Seattle (APP) 2 |
BOTTOM OF THE 3RD |
Seattle (APP) Mariners batting - Pitching for Pulaski Yankees : RHP Chris McCoy
|
Batting: RHB Tomokazu Sugimoto
|
0-0: Foul Ball, location: 2F 0-1: Foul Ball, location: 2F 0-2: Ball 1-2: DOUBLE (Flyball, 8RD, EV 94.4 MPH)
|
Batting: RHB Ivan Davila
|
0-0: Called Strike 0-1: Swinging Strike 0-2: Foul Ball, location: 2F 0-2: Ball 1-2: Ball 2-2: Ball 3-2: Foul Ball, location: 2F 3-2: Strikes out swinging
|
Batting: RHB Chris Van Niel
|
0-0: Ball 1-0: Foul Ball, location: 2F 1-1: Ball 2-1: Ball 3-1: Foul Ball, location: 2F 3-2: Foul Ball, location: 2F 3-2: Fly out, F9 (Line Drive, 9D, EV 99.4 MPH) Runner from 2nd tags up, SAFE at 3rd, no throw by RF
|
Batting: RHB Victor Rosas
|
0-0: Ball 1-0: Foul Ball, location: 2F 1-1: Fly out, F8 (Flyball, 8RXD, EV 100.0 MPH)
|
Bottom of the 3rd over - 0 runs, 1 hit, 0 errors, 1 left on base; Pulaski 1 - Seattle (APP) 2 |
TOP OF THE 4TH |
Pulaski Yankees batting - Pitching for Seattle (APP) Mariners : RHP Luis Castro
|
Batting: RHB Bobby Melillo
|
0-0: Ball 1-0: Called Strike 1-1: Swinging Strike 1-2: Ball 2-2: Foul Ball, location: 2F 2-2: Ball 3-2: Base on Balls
|
Batting: RHB Colby Macon
|
0-0: Called Strike Bobby Melillo steals 2nd base 0-1: Swinging Strike 0-2: Ball 1-2: Strikes out swinging
|
Batting: RHB Johannes Gutermuth
|
0-0: Ball 1-0: Foul Ball, location: 2F 1-1: Foul Ball, location: 2F 1-2: Foul Ball, location: 2F 1-2: Strikes out swinging
|
Batting: SHB Joe Fure
|
0-0: Called Strike 0-1: Ball 1-1: Ball 2-1: Ball 3-1: Base on Balls
|
Batting: RHB Roberto Tena
|
0-0: Ball 1-0: Ground out 5-3 (Groundball, 56S, EV 92.5 MPH)
|
Top of the 4th over - 0 runs, 0 hits, 0 errors, 2 left on base; Pulaski 1 - Seattle (APP) 2 |
BOTTOM OF THE 4TH |
Seattle (APP) Mariners batting - Pitching for Pulaski Yankees : RHP Chris McCoy
|
Batting: RHB John Vasquez
|
0-0: Swinging Strike 0-1: Foul Ball, location: 2F 0-2: Strikes out swinging
|
Pitching: RHP Vince DeFord
|
|
Batting: RHB Houston Brock
|
0-0: Foul Ball, location: 2F 0-1: Ball 1-1: Ball 2-1: SINGLE (Line Drive, 7S, EV 101.3 MPH)
|
Batting: SHB Tony Morales
|
0-0: Ball 1-0: Foul Ball, location: 2F 1-1: Called Strike 1-2: Strikes out swinging
|
Batting: RHB Mike Conaway
|
0-0: Ball 1-0: Called Strike 1-1: Fly out, F8 (Flyball, 8LM, EV 71.3 MPH)
|
Bottom of the 4th over - 0 runs, 1 hit, 0 errors, 1 left on base; Pulaski 1 - Seattle (APP) 2 |
TOP OF THE 5TH |
Pulaski Yankees batting - Pitching for Seattle (APP) Mariners : RHP Luis Castro
|
Batting: LHB Joel Vera
|
0-0: Called Strike 0-1: Called Strike 0-2: Ball 1-2: Strikes out swinging
|
Batting: LHB Dan Morris
|
0-0: Fly out, F7 (Flyball, 7D, EV 95.0 MPH)
|
Batting: SHB Blake Abbott
|
0-0: Ball 1-0: Foul Ball, location: 2F 1-1: Swinging Strike 1-2: Strikes out swinging, 2-3 out at first.
|
Top of the 5th over - 0 runs, 0 hits, 0 errors, 0 left on base; Pulaski 1 - Seattle (APP) 2 |
BOTTOM OF THE 5TH |
Seattle (APP) Mariners batting - Pitching for Pulaski Yankees : RHP Vince DeFord
|
Batting: LHB Omar Colunga
|
0-0: Called Strike 0-1: Ball 1-1: Called Strike 1-2: Ball 2-2: Ball 3-2: Foul Ball, location: 2F 3-2: Foul Ball, location: 2F 3-2: Strikes out swinging
|
Batting: RHB Tomokazu Sugimoto
|
0-0: Ball 1-0: Foul Ball, location: 2F 1-1: Swinging Strike 1-2: Ball 2-2: Foul Ball, location: 2F 2-2: Ball 3-2: Ground out 6-3 (Groundball, 6, EV 79.4 MPH)
|
Batting: RHB Ivan Davila
|
0-0: Ball 1-0: Ball 2-0: Called Strike 2-1: Foul Ball, location: 2F 2-2: Strikes out swinging
|
Bottom of the 5th over - 0 runs, 0 hits, 0 errors, 0 left on base; Pulaski 1 - Seattle (APP) 2 |
TOP OF THE 6TH |
Pulaski Yankees batting - Pitching for Seattle (APP) Mariners : RHP Luis Castro
|
Batting: RHB Mike Gifford
|
0-0: Ball 1-0: Ball 2-0: Called Strike 2-1: Swinging Strike 2-2: Ball 3-2: Foul Ball, location: 2F 3-2: Base on Balls
|
Batting: RHB Bobby Melillo
|
0-0: Ball 1-0: Ball 2-0: Fielders Choice at 2nd, 6-4 (Groundball, 6, EV 87.5 MPH)
|
Batting: RHB Colby Macon
|
0-0: Ball Bobby Melillo steals 2nd base 1-0: Swinging Strike 1-1: Called Strike 1-2: Strikes out swinging
|
Batting: RHB Johannes Gutermuth
|
0-0: Ball 1-0: SINGLE (Line Drive, 7S, EV 85.6 MPH) Bobby Melillo to third Runner from 3rd tries for Home, throw by LF and OUT! 7-2
|
Top of the 6th over - 0 runs, 1 hit, 0 errors, 1 left on base; Pulaski 1 - Seattle (APP) 2 |
BOTTOM OF THE 6TH |
Seattle (APP) Mariners batting - Pitching for Pulaski Yankees : RHP Vince DeFord
|
Batting: RHB Chris Van Niel
|
0-0: Ball 1-0: Ball 2-0: Ball 3-0: Called Strike 3-1: Base on Balls
|
Batting: RHB Victor Rosas
|
0-0: Ball Chris Van Niel is caught stealing 2nd base 2-4 1-0: Ball 2-0: Foul Ball, location: 2F 2-1: Ball 3-1: Foul Ball, location: 2F 3-2: Foul Ball, location: 2F 3-2: Foul Ball, location: 2F 3-2: Fly out, F7 (Flyball, 78M, EV 91.3 MPH)
|
Batting: RHB John Vasquez
|
0-0: Called Strike 0-1: Called Strike 0-2: SINGLE (Groundball, 56S, EV 59.4 MPH) (infield hit)
|
Pitching: LHP Steve Martin
|
|
Batting: RHB Houston Brock
|
0-0: Ball 1-0: Fielders Choice at 2nd, 5-4 (Groundball, 56, EV 111.3 MPH)
|
Bottom of the 6th over - 0 runs, 1 hit, 0 errors, 1 left on base; Pulaski 1 - Seattle (APP) 2 |
TOP OF THE 7TH |
Pulaski Yankees batting - Pitching for Seattle (APP) Mariners : RHP Luis Castro
|
Pitching: RHP Rob Henry
|
|
Batting: SHB Joe Fure
|
0-0: Foul Ball, location: 2F 0-1: Foul Ball, location: 2F 0-2: Fly out, F6 (Flyball, 56D, EV 81.9 MPH)
|
Batting: RHB Roberto Tena
|
0-0: SINGLE (Line Drive, 6D, EV 98.8 MPH)
|
Batting: LHB Joel Vera
|
0-0: Ball 1-0: DOUBLE (Flyball, 5D, EV 85.6 MPH) Roberto Tena to third
|
Batting: LHB Dan Morris
|
0-0: Foul Ball, location: 2F 0-1: Foul Ball, location: 2F 0-2: Strikes out swinging
|
Batting: SHB Blake Abbott
|
0-0: Ball 1-0: Foul Ball, location: 2F 1-1: Ball 2-1: Ball 3-1: DOUBLE (Line Drive, 5D, EV 95.0 MPH) Roberto Tena scores Joel Vera scores
|
Batting: RHB Mike Gifford
|
0-0: Called Strike 0-1: Swinging Strike 0-2: Strikes out swinging
|
Top of the 7th over - 2 runs, 3 hits, 0 errors, 1 left on base; Pulaski 3 - Seattle (APP) 2 |
BOTTOM OF THE 7TH |
Seattle (APP) Mariners batting - Pitching for Pulaski Yankees : LHP Steve Martin
|
Batting: SHB Tony Morales
|
0-0: Ball 1-0: Foul Ball, location: 2F 1-1: Hit by Pitch
|
Batting: RHB Mike Conaway
|
0-0: Sac Bunt to 2R - play at first, batter OUT! 2-4 Tony Morales to second
|
Pinch Hitting: RHB Tze-meng Li
|
0-0: DOUBLE (Line Drive, 78D, EV 100.0 MPH) Tony Morales scores
|
Batting: RHB Tomokazu Sugimoto
|
0-0: Intentional Walk
|
Batting: RHB Ivan Davila
|
0-0: Ball 1-0: Swinging Strike 1-1: Called Strike 1-2: Strikes out swinging
|
Batting: RHB Chris Van Niel
|
0-0: Swinging Strike 0-1: Called Strike 0-2: Ball 1-2: Ball 2-2: Foul Ball, location: 2F 2-2: Strikes out looking
|
Bottom of the 7th over - 1 run, 1 hit, 0 errors, 2 left on base; Pulaski 3 - Seattle (APP) 3 |
TOP OF THE 8TH |
Pulaski Yankees batting - Pitching for Seattle (APP) Mariners : RHP Rob Henry
|
Pitching: RHP Jace Daniels
|
|
Now in RF: Tze-meng Li
|
|
Batting: RHB Bobby Melillo
|
0-0: Called Strike 0-1: Ball 1-1: Foul Ball, location: 2F 1-2: Ball 2-2: Strikes out looking
|
Batting: RHB Colby Macon
|
0-0: Called Strike 0-1: Swinging Strike 0-2: Ball 1-2: Foul Ball, location: 2F 1-2: Strikes out swinging
|
Batting: RHB Johannes Gutermuth
|
0-0: Called Strike 0-1: Ball 1-1: Ball 2-1: Ball 3-1: Foul Ball, location: 2F 3-2: Ground out 5-3 (Groundball, 56, EV 77.5 MPH)
|
Top of the 8th over - 0 runs, 0 hits, 0 errors, 0 left on base; Pulaski 3 - Seattle (APP) 3 |
BOTTOM OF THE 8TH |
Seattle (APP) Mariners batting - Pitching for Pulaski Yankees : LHP Steve Martin
|
Pitching: RHP Travis Tate
|
|
Batting: RHB Victor Rosas
|
0-0: Ball 1-0: Ball 2-0: SINGLE (Line Drive, 56, EV 108.8 MPH)
|
Batting: RHB John Vasquez
|
0-0: Bunted foul 0-1: Bunt missed! 0-2: Ball 1-2: Fly out, F9 (Flyball, 9S, EV 93.8 MPH)
|
Batting: RHB Houston Brock
|
0-0: Ball 1-0: Called Strike Victor Rosas steals 2nd base 1-1: Swinging Strike 1-2: Strikes out swinging
|
Batting: SHB Tony Morales
|
0-0: Called Strike 0-1: Foul Ball, location: 2F 0-2: Foul Ball, location: 2F 0-2: Foul Ball, location: 2F 0-2: Strikes out swinging
|
Bottom of the 8th over - 0 runs, 1 hit, 0 errors, 1 left on base; Pulaski 3 - Seattle (APP) 3 |
TOP OF THE 9TH |
Pulaski Yankees batting - Pitching for Seattle (APP) Mariners : RHP Jace Daniels
|
Pitching: LHP Ed Gilroy
|
|
Batting: SHB Joe Fure
|
0-0: Called Strike 0-1: Called Strike 0-2: Foul Ball, location: 2F 0-2: Ball 1-2: Foul Ball, location: 2F 1-2: Ball 2-2: SINGLE (Line Drive, 9S, EV 110.6 MPH)
|
Batting: RHB Roberto Tena
|
0-0: Grounds into double play, 6-4-3 (Groundball, 6, EV 81.9 MPH)
|
Batting: LHB Joel Vera
|
0-0: Swinging Strike 0-1: Foul Ball, location: 2F 0-2: Ball 1-2: Foul Ball, location: 2F 1-2: Ball 2-2: Foul Ball, location: 2F 2-2: Foul Ball, location: 2F 2-2: SOLO HOME RUN (Flyball, 7D, EV 95.6 MPH), Distance : 361 ft
|
Batting: LHB Dan Morris
|
0-0: Ball 1-0: Called Strike 1-1: Ball 2-1: Ground out 4-3 (Groundball, 34D, EV 85.0 MPH)
|
Top of the 9th over - 1 run, 2 hits, 0 errors, 0 left on base; Pulaski 4 - Seattle (APP) 3 |
BOTTOM OF THE 9TH |
Seattle (APP) Mariners batting - Pitching for Pulaski Yankees : RHP Travis Tate
|
Pitching: RHP John Robidoux
|
|
Batting: RHB Mike Conaway
|
0-0: Foul Ball, location: 2F 0-1: Ball 1-1: Ball 2-1: Ball 3-1: Foul Ball, location: 2F 3-2: Strikes out swinging
|
Batting: RHB Tze-meng Li
|
0-0: Foul Ball, location: 2F 0-1: Called Strike 0-2: Strikes out swinging
|
Batting: RHB Tomokazu Sugimoto
|
0-0: Ball 1-0: Swinging Strike 1-1: Foul Ball, location: 2F 1-2: Hit by Pitch
|
Pinch Hitting: SHB Carlos Luna
|
0-0: Ball 1-0: Called Strike 1-1: Fly out, F6 (Popup, 6S, EV 58.8 MPH)
|
Bottom of the 9th over - 0 runs, 0 hits, 0 errors, 1 left on base; Pulaski 4 - Seattle (APP) 3 |
|